[Event "ICC tourney 2149 (70 10)"]
[Site "Internet Chess Club"]
[Date "2020.11.21"]
[Round "1"]
[White "serenacool"]
[Black "None2Good"]
[Result "1-0"]
[ICCResult "Black resigns"]
[WhiteElo "1557"]
[BlackElo "1505"]
[Opening "Caro-Kann: Panov-Botvinnik attack"]
[ECO "B13"]
[NIC "CK.03"]
[Time "12:42:08"]
[TimeControl "4200+10"]

1. e4 c6 2. d4 d5 3. exd5 cxd5 4. c4 Nf6 5. Nc3 Bf5 6. Qb3 e6 7. Qxb7 Nbd7
8. c5 Rb8 9. Qxa7 Be7 10. c6 Qb6 11. cxd7+ Nxd7 12. Qxb6 Nxb6 13. Bb5+ Kf8
14. Nf3 {Black resigns} 1-0

[Event "ICC tourney 2149 (70 10)"]
[Site "Internet Chess Club"]
[Date "2020.11.21"]
[Round "1"]
[White "AdityaBang"]
[Black "Rakib-Hasan"]
[Result "1-0"]
[ICCResult "Black resigns"]
[WhiteElo "1389"]
[BlackElo "1233"]
[Opening "two knights: Max Lange attack, Steinitz variation"]
[ECO "C55"]
[NIC "KP.02"]
[Time "12:42:01"]
[TimeControl "4200+10"]

1. e4 e5 2. Nf3 Nc6 3. Bc4 Nf6 4. d4 exd4 5. O-O Bc5 6. e5 Ng4 7. Bxf7+ Kf8
8. Bd5 Ngxe5 9. Nxe5 Nxe5 10. Qh5 d6 11. f4 Ng6 12. f5 Ne5 13. f6 g6 14.
Qh6+ Ke8 15. f7+ Nxf7 16. Bxf7+ Kd7 17. Qh3+ Kc6 18. Qf3+ d5 19. b4 Bxb4 20.
c3 Bc5 21. c4 Bf5 22. Bxd5+ Kd6 23. Bxb7 d3+ 24. Kh1 Ke7 25. Bg5+ Kf7 26.
Bxd8 Raxd8 27. Bd5+ Kg7 28. Qg3 Bd6 29. Rxf5 Bxg3 30. Rf7+ Kh6 31. hxg3 Rhe8
32. Nc3 d2 33. Rff1 Re3 34. Nd1 Rxg3 35. Nf2 a5 36. Kh2 Rc3 37. Ng4+ Kg5 38.
Ne5 Re8 39. Nf7+ Kg4 40. Bf3+ Rxf3 41. Rxf3 Re1 42. Rf1 Re4 43. Rad1 Rd4 44.
Ne5+ Kh5 45. Nf3 Rxc4 46. Rxd2 c5 47. Ne5 Re4 48. g4+ Kh6 49. Nf7+ Kg7 50.
g5 c4 51. Nh6 Re7 52. Rd8 {Black resigns} 1-0

[Event "ICC tourney 2149 (70 10)"]
[Site "Internet Chess Club"]
[Date "2020.11.21"]
[Round "1"]
[White "jalenwang"]
[Black "ClashofKings"]
[Result "0-1"]
[ICCResult "White resigns"]
[WhiteElo "1472"]
[BlackElo "1431"]
[Opening "English opening"]
[ECO "A20"]
[NIC "EO.24"]
[Time "12:41:51"]
[TimeControl "4200+10"]

1. c4 e5 2. g3 Nf6 3. Bg2 d5 4. cxd5 Nxd5 5. Nc3 Nb6 6. Nf3 Nc6 7. O-O Be7
8. b3 f5 9. e4 O-O 10. Bb2 Bf6 11. Re1 Nb4 12. Re3 f4 13. Re2 Bg4 14. Ba3
Be7 15. h3 Bxf3 16. Bxf3 fxg3 17. Bg2 gxf2+ 18. Rxf2 Bc5 19. Bf3 Qd4 20. Qe2
Rxf3 21. Qxf3 Rf8 {White resigns} 0-1

[Event "ICC tourney 2149 (70 10)"]
[Site "Internet Chess Club"]
[Date "2020.11.21"]
[Round "1"]
[White "VirginiaGuy"]
[Black "delennkier"]
[Result "0-1"]
[ICCResult "White resigns"]
[WhiteElo "1393"]
[BlackElo "1527"]
[Opening "Vienna gambit"]
[ECO "C29"]
[NIC "VG.04"]
[Time "12:42:05"]
[TimeControl "4200+10"]

1. e4 e5 2. Nc3 Nf6 3. f4 Nc6 4. Nf3 d6 5. Bc4 Be6 6. Bxe6 fxe6 7. O-O exf4
8. d4 e5 9. dxe5 dxe5 10. Qxd8+ Rxd8 11. a3 Bc5+ 12. Kh1 O-O 13. h3 Nh5 14.
Kh2 Ng3 15. Rd1 Rxd1 16. Nxd1 Rd8 17. Nc3 Bd4 18. Nd5 Nf1+ 19. Kh1 Bf2 20.
Nc3 Rd6 21. Nd5 a6 22. b4 b5 23. Bb2 Ng3+ 24. Kh2 Nxe4 25. Nxc7 Bg3+ 26. Kg1
Bf2+ 27. Kf1 Be3 28. Nxe5 Ng3+ 29. Ke1 Nd4 {White resigns} 0-1

[Event "ICC tourney 2149 (70 10)"]
[Site "Internet Chess Club"]
[Date "2020.11.21"]
[Round "1"]
[White "jnkut"]
[Black "chessmonk"]
[Result "0-1"]
[ICCResult "White checkmated"]
[WhiteElo "1559"]
[BlackElo "1572"]
[Opening "Evans gambit"]
[ECO "C51"]
[NIC "IG.05"]
[Time "12:42:26"]
[TimeControl "4200+10"]

1. e4 e5 2. Nf3 Nc6 3. Bc4 Bc5 4. b4 Bxb4 5. c3 Bc5 6. d4 exd4 7. cxd4 Bb4+
8. Bd2 Bxd2+ 9. Nbxd2 Nge7 10. Ng5 O-O 11. Qh5 h6 12. Nxf7 Rxf7 13. Bxf7+
Kh8 14. Nf3 Ng8 15. Bg6 Nf6 16. Qh4 Qe7 17. O-O d5 18. e5 Ne4 19. Qxe7 Nxe7
20. Bf7 Bg4 21. e6 Bxf3 22. gxf3 Ng5 23. f4 Nxf7 24. exf7 Rf8 25. Rac1 c6
26. Rb1 b5 27. Rbc1 Rxf7 28. Rfe1 Kg8 29. Rc3 Kf8 30. Rce3 Ke8 31. Re6 Kd7
32. Kg2 Nf5 33. h3 Nxd4 34. Rg6 Nf5 35. Kf1 Nh4 36. Rge6 Nf3 37. R1e3 Nd2+
38. Ke1 Ne4 39. R6xe4 dxe4 40. Rxe4 Re7 41. f3 Rxe4+ 42. fxe4 Ke6 43. e5 g5
44. fxg5 hxg5 45. Kd2 Kxe5 46. Kc3 c5 47. Kd3 Kf4 48. a3 g4 49. h4 g3 50.
Ke2 c4 51. h5 g2 52. Kf2 Kg5 53. Kxg2 Kxh5 54. Kf2 Kg5 55. Ke2 Kf4 56. Kd2
Ke4 57. Kc3 Kd5 58. Kc2 Kd4 59. Kd2 c3+ 60. Kc2 Kc4 61. Kc1 Kb3 62. Kb1 Kxa3
63. Kc2 b4 64. Kb1 c2+ 65. Kxc2 b3+ 66. Kb1 a5 67. Ka1 Kb4 68. Kb2 a4 69.
Ka1 a3 70. Kb1 b2 71. Ka2 Kc3 72. Kb1 a2+ 73. Kxa2 Kc2 74. Ka3 b1=Q 75. Ka4
Kc3 76. Ka5 Kc4 77. Ka6 Kc5 78. Ka7 Kc6 79. Ka8 Kc7 80. Ka7 Qa1#
{White checkmated}
0-1

[Event "ICC tourney 2149 (70 10)"]
[Site "Internet Chess Club"]
[Date "2020.11.21"]
[Round "1"]
[White "Exocytosis"]
[Black "lwidjaja"]
[Result "0-1"]
[ICCResult "White resigns"]
[WhiteElo "1280"]
[BlackElo "1404"]
[Opening "Ruy Lopez: Berlin defense, open variation"]
[ECO "C67"]
[NIC "RL.07"]
[Time "12:42:09"]
[TimeControl "4200+10"]

1. e4 e5 2. Nf3 Nc6 3. Bb5 Nf6 4. O-O Nxe4 5. d4 Nd6 6. Bxc6 dxc6 7. dxe5
Nf5 8. Qxd8+ Kxd8 9. Nc3 Ke8 10. Bf4 h5 11. Rad1 Be6 12. Nd4 Nxd4 13. Rxd4
Bc5 14. Rd2 a6 15. a3 h4 16. Rfd1 h3 17. g3 Bg4 18. Re1 Rd8 19. Rxd8+ Kxd8
20. Ne4 Ba7 21. Ng5 Ke7 22. Kf1 Bb6 23. c3 Rd8 24. b4 Rd3 25. Rc1 f6 26.
exf6+ gxf6 27. Ne4 Rf3 28. Nc5 Bxc5 29. bxc5 Kd7 30. Rd1+ Kc8 31. Rc1 b6 32.
Be3 b5 33. Bd4 Kb7 34. Re1 a5 35. Re3 Rxe3 36. fxe3 f5 37. Ke1 Kc8 38. Kd2
Kd7 39. Kd3 Bf3 40. Kd2 Ke6 41. Ke1 Kd5 42. Kf2 Be4 43. Bf6 Kxc5 44. Bd8 Kd6
45. Ke2 c5 46. Kd2 b4 47. cxb4 cxb4 48. axb4 axb4 49. Kc1 c5 50. Bf6 c4 51.
Bg7 Kd5 52. Bf6 Bd3 53. Kb2 Ke4 54. Bd4 Kf3 55. Bc5 b3 {White resigns} 0-1

[Event "ICC tourney 2149 (70 10)"]
[Site "Internet Chess Club"]
[Date "2020.11.21"]
[Round "1"]
[White "akhilkakarla"]
[Black "ShriChess12"]
[Result "1-0"]
[ICCResult "Black checkmated"]
[WhiteElo "1695"]
[BlackElo "1981"]
[Opening "Queen's bishop game"]
[ECO "D00"]
[NIC "QP.08"]
[Time "12:42:41"]
[TimeControl "4200+10"]

1. d4 d5 2. Bf4 Nf6 3. Nf3 c6 4. e3 Bf5 5. Bd3 Bxd3 6. Qxd3 e6 7. c3 Bd6 8.
Bxd6 Qxd6 9. Nbd2 Nbd7 10. O-O O-O 11. Qc2 c5 12. Qb3 Qc6 13. h3 cxd4 14.
cxd4 Qb6 15. Qxb6 Nxb6 16. b3 Rac8 17. Rac1 h6 18. Ne5 Nbd7 19. Ndf3 Nb6 20.
Nd3 Ne4 21. Nc5 Nxc5 22. Rxc5 Rxc5 23. dxc5 Nd7 24. b4 Rc8 25. Rc1 a5 26. a3
axb4 27. axb4 b5 28. Ra1 Rb8 29. Ra5 Nf6 30. Nd4 Ne8 31. Rxb5 Rxb5 32. Nxb5
e5 33. c6 d4 34. exd4 exd4 35. Nxd4 Nc7 36. b5 Kf8 37. b6 Nd5 38. b7 Ne7 39.
b8=Q+ Nc8 40. Qxc8+ Ke7 41. Qd7+ Kf6 42. c7 Kg6 43. c8=Q f6 44. Qce8+ Kh7
45. Qf5+ g6 46. Qfxg6# {Black checkmated} 1-0

[Event "ICC tourney 2149 (70 10)"]
[Site "Internet Chess Club"]
[Date "2020.11.21"]
[Round "1"]
[White "miles42"]
[Black "attalone"]
[Result "1-0"]
[ICCResult "Black resigns"]
[WhiteElo "1552"]
[BlackElo "1528"]
[Opening "QGD: 4.Bg5 Be7"]
[ECO "D53"]
[NIC "QO.13"]
[Time "12:42:16"]
[TimeControl "4200+10"]

1. d4 e6 2. c4 d5 3. Nc3 Nf6 4. Bg5 Be7 5. Nf3 c6 6. e3 O-O 7. Qc2 h6 8. Bh4
Nbd7 9. cxd5 exd5 10. Bd3 Nb6 11. O-O Bg4 12. Ne5 Be6 13. Ne2 Nfd7 14. Bxe7
Qxe7 15. Nf3 Rac8 16. Nf4 Bg4 17. Nd2 Nf6 18. h3 Bd7 19. Nf3 Ne4 20. Ne5 Nd6
21. Bh7+ Kh8 22. Nfg6+ fxg6 23. Nxg6+ Kxh7 24. Nxe7+ Kh8 25. Ng6+ Kg8 26.
Nxf8 Rxf8 27. Qg6 Ne4 28. f3 Bf5 29. Qxf5 Rxf5 30. fxe4 Rxf1+ 31. Rxf1 dxe4
32. b3 Nd5 33. Kf2 Kh7 34. Re1 Nb4 35. Kg3 Nxa2 36. Kf4 Nc3 37. Ra1 a6 38.
b4 Kg6 39. Ra3 Nb5 40. Rb3 Nd6 41. Rc3 Kf6 42. g4 g5+ 43. Kg3 Kg6 44. Rc5 h5
45. gxh5+ Kxh5 46. h4 Kg6 47. Rxg5+ Kh6 48. Re5 Kh7 49. Kf4 Kg7 50. Rxe4
Nxe4 51. Kxe4 Kg6 52. Ke5 Kh5 53. Kd6 Kxh4 54. e4 Kg4 55. e5 Kg5 56. e6 Kf4
57. e7 Ke4 58. e8=Q+ Kxd4 59. Qe5+ Kc4 60. Qc5+ Kb3 61. Kc7 {Black resigns}
1-0

[Event "ICC tourney 2149 (70 10)"]
[Site "Internet Chess Club"]
[Date "2020.11.21"]
[Round "1"]
[White "Draconian"]
[Black "ColdSpringAZ"]
[Result "1-0"]
[ICCResult "Black checkmated"]
[WhiteElo "1636"]
[BlackElo "1340"]
[Opening "Sicilian, Chekhover variation"]
[ECO "B53"]
[NIC "SI.02"]
[Time "12:42:02"]
[TimeControl "4200+10"]

1. e4 c5 2. Nf3 d6 3. d4 cxd4 4. Qxd4 Nc6 5. Bb5 Bd7 6. Bxc6 Bxc6 7. Nc3 Nf6
8. Bg5 e5 9. Qc4 Be7 10. O-O-O Nd7 11. Bxe7 Qxe7 12. Qd3 Nc5 13. Qxd6 Nxe4
14. Nxe4 Bxe4 15. Qxe7+ Kxe7 16. Nxe5 Bxg2 17. Rhg1 Be4 18. Rde1 f5 19. f3
Kf6 20. Nd7+ Ke6 21. Rxg7 Rad8 22. fxe4 fxe4 23. Rxe4+ Kd6 24. Rd4+ Ke6 25.
Nc5+ Kf6 26. Rxd8 Kxg7 27. Rxh8 Kxh8 28. Nxb7 Kg7 29. c4 Kf6 30. c5 Ke6 31.
c6 h5 32. h4 a6 33. a4 Ke7 34. Kd2 Ke6 35. Kd3 Ke7 36. Kd4 Ke6 37. Kc5 Ke7
38. Kb6 a5 39. Kc7 Ke6 40. Kd8 Kf5 41. c7 Kg4 42. c8=Q+ Kxh4 43. Qf5 Kg3 44.
Nd6 h4 45. Ne4+ Kg2 46. Qf2+ Kh3 47. Qf3+ Kh2 48. Qg4 h3 49. Qg3+ Kh1 50.
Nf2# {Black checkmated} 1-0

[Event "ICC tourney 2149 (70 10)"]
[Site "Internet Chess Club"]
[Date "2020.11.21"]
[Round "1"]
[White "ejrdz2007"]
[Black "Knighthhhh"]
[Result "1-0"]
[ICCResult "Black checkmated"]
[WhiteElo "1428"]
[BlackElo "1100"]
[Opening "Scotch gambit: Dubois-Réti defense"]
[ECO "C55"]
[NIC "KP.02"]
[Time "12:42:03"]
[TimeControl "4200+10"]

1. e4 e5 2. Nf3 Nc6 3. d4 exd4 4. Bc4 Nf6 5. e5 d5 6. Bb5 Ne4 7. Nxd4 Bd7 8.
Bxc6 Bxc6 9. Nxc6 bxc6 10. Be3 Rb8 11. O-O Rxb2 12. Bxa7 Qa8 13. Bd4 Rxa2
14. Nd2 Rxa1 15. Bxa1 Nxd2 16. Qxd2 Be7 17. f4 O-O 18. f5 f6 19. exf6 Bxf6
20. Bxf6 Rxf6 21. g4 Qf8 22. h4 g6 23. Qf4 gxf5 24. gxf5 Rf7 25. Kh2 Rg7 26.
f6 Rf7 27. Rg1+ Kh8 28. Kh3 Rxf6 29. Qe5 Qd6 30. Qc3 d4 31. Qb3 Rf3+ 32.
Qxf3 Qe6+ 33. Qg4 Qxg4+ 34. Rxg4 c5 35. Kg3 c6 36. Kf3 d3 37. cxd3 h5 38.
Rg6 Kh7 39. Rxc6 c4 40. dxc4 Kg7 41. c5 Kh7 42. Ra6 Kg7 43. c6 Kh7 44. c7
Kg7 45. c8=Q Kh7 46. Qb7+ Kh8 47. Ra8# {Black checkmated} 1-0

[Event "ICC tourney 2149 (70 10)"]
[Site "Internet Chess Club"]
[Date "2020.11.21"]
[Round "1"]
[White "BL1867"]
[Black "Queen4aKing"]
[Result "1-0"]
[ICCResult "Black resigns"]
[WhiteElo "1561"]
[BlackElo "1497"]
[Opening "KGA: Fischer defense"]
[ECO "C34"]
[NIC "KG.02"]
[Time "12:41:56"]
[TimeControl "4200+10"]

1. e4 e5 2. f4 exf4 3. Nf3 d6 4. Bc4 Nc6 5. O-O Nf6 6. d3 Be7 7. Bxf4 O-O 8.
h3 h6 9. Nc3 Be6 10. Bb3 a5 11. d4 Bxb3 12. axb3 d5 13. exd5 Nxd5 14. Nxd5
Qxd5 15. Bxc7 Rac8 16. c4 Qh5 17. Bb6 Bb4 18. d5 Ne5 19. Bxa5 Bc5+ 20. Kh1
Ng4 21. Nd4 Bxd4 22. Qxd4 Ne5 23. Bc3 f6 24. Ra7 Qf7 25. Qb6 Nd3 26. Rxb7
Qg6 27. Qe6+ Kh8 28. Qf5 Qxf5 29. Rxf5 Rb8 30. Rxb8 Rxb8 31. b4 Nxb4 32. d6
Nc6 33. d7 Rd8 34. Rc5 Ne7 35. Rc7 Kh7 36. Bb4 {Black resigns} 1-0

[Event "ICC tourney 2149 (70 10)"]
[Site "Internet Chess Club"]
[Date "2020.11.21"]
[Round "1"]
[White "mehtaaditya"]
[Black "ChessHero76"]
[Result "1-0"]
[ICCResult "Black checkmated"]
[WhiteElo "1583"]
[BlackElo "1283"]
[Opening "Four knights: double Ruy Lopez"]
[ECO "C49"]
[NIC "KP.03"]
[Time "12:41:58"]
[TimeControl "4200+10"]

1. e4 e5 2. Nf3 Nc6 3. Nc3 Nf6 4. Bb5 Bb4 5. d3 d6 6. O-O Bg4 7. Nd5 Nxd5 8.
exd5 a6 9. Bxc6+ bxc6 10. dxc6 O-O 11. c3 Ba5 12. Qa4 Bb6 13. Qxg4 f5 14.
Qh3 Qe8 15. Ng5 h6 16. Nf3 Qxc6 17. Nh4 f4 18. Ng6 Rfe8 19. Qh4 Qd7 20. Qh3
Qf7 21. Nh4 Rf8 22. Bd2 g5 23. Nf3 Qg7 24. Qg4 Kh7 25. h4 d5 26. hxg5 e4 27.
dxe4 dxe4 28. Nd4 hxg5 29. Ne6 Qf6 30. Nxf8+ Rxf8 31. Rab1 Rd8 32. Be1 Qg6
33. c4 Re8 34. Qh3+ Kg7 35. Bc3+ Kf8 36. Rbd1 Re7 37. Rd8+ Kf7 38. Qh8 e3
39. Rf8+ Ke6 40. Qe5+ Kd7 41. Rd1+ Qd6 42. Rxd6+ cxd6 43. Qf5+ Kc6 44. Qc8+
Rc7 45. Qa8+ Rb7 46. Rc8+ Bc7 47. Qxa6+ Rb6 48. Qa8+ Rb7 49. b4 Kb6 50. Bd4+
Kc6 51. Qa4+ Rb5 52. Qxb5# {Black checkmated} 1-0

[Event "ICC tourney 2149 (70 10)"]
[Site "Internet Chess Club"]
[Date "2020.11.21"]
[Round "1"]
[White "leilei8514"]
[Black "ChalsparoV"]
[Result "0-1"]
[ICCResult "White resigns"]
[WhiteElo "1159"]
[BlackElo "1510"]
[Opening "Caro-Kann: advance variation"]
[ECO "B12"]
[NIC "CK.02"]
[Time "12:42:07"]
[TimeControl "4200+10"]

1. e4 c6 2. d4 d5 3. e5 c5 4. c3 Nc6 5. Nf3 Bg4 6. Be3 cxd4 7. cxd4 Qb6 8.
Nc3 e6 9. a3 Nge7 10. Na4 Qc7 11. Nc3 Nf5 12. Bb5 Be7 13. O-O O-O 14. Bxc6
Qxc6 15. Rb1 Nh4 16. Kh1 f6 17. h3 Bxf3 18. gxf3 fxe5 19. dxe5 d4 20. Bxd4
Rxf3 {White resigns} 0-1

[Event "ICC tourney 2149 (70 10)"]
[Site "Internet Chess Club"]
[Date "2020.11.21"]
[Round "1"]
[White "aditya7708"]
[Black "SGOLD9367"]
[Result "1-0"]
[ICCResult "Black resigns"]
[WhiteElo "1515"]
[BlackElo "1395"]
[Opening "Giuoco Piano"]
[ECO "C53"]
[NIC "IG.02"]
[Time "12:41:58"]
[TimeControl "4200+10"]

1. e4 e5 2. Nf3 Nc6 3. Bc4 Bc5 4. c3 h6 5. d4 exd4 6. cxd4 Bb4+ 7. Nc3 Nf6
8. e5 Ne4 9. Qc2 d5 10. Bd3 Bf5 11. O-O O-O 12. Nxe4 Bxe4 13. Bxe4 dxe4 14.
Qxe4 Re8 15. d5 Nxe5 16. Qxb4 Nxf3+ 17. gxf3 Qxd5 18. Qf4 Re6 19. Be3 Rg6+
20. Kh1 Rf6 21. Qe4 Qh5 22. f4 c6 23. Rg1 Re6 24. Qg2 Rg6 25. Qf1 Qf3+ 26.
Rg2 Rd8 27. Re1 Rdd6 28. Bxa7 Rg4 29. f5 Rd5 30. Kg1 Rxf5 31. Rxg4 Qxg4+ 32.
Qg2 Qb4 33. Qe4 Rg5+ 34. Kh1 Qxb2 35. Qd3 Rg6 36. Qc4 Qf6 37. Qd3 Qg5 38.
Qf1 Qf5 39. f3 Qa5 40. Qf2 Rd6 41. Be3 Rd5 42. Rg1 Rh5 43. Qg2 g5 44. Qg4
Rh4 45. Qxh4 {Black resigns} 1-0

[Event "ICC tourney 2149 (70 10)"]
[Site "Internet Chess Club"]
[Date "2020.11.21"]
[Round "1"]
[White "Yadavalli"]
[Black "kd9junior"]
[Result "1/2-1/2"]
[ICCResult "Game drawn by mutual agreement"]
[WhiteElo "1354"]
[BlackElo "1279"]
[Opening "Sicilian: Alapin's variation (2.c3)"]
[ECO "B22"]
[NIC "SI.46"]
[Time "12:42:03"]
[TimeControl "4200+10"]

1. e4 c5 2. c3 g6 3. d4 cxd4 4. cxd4 Bg7 5. Nc3 d6 6. Nf3 Nf6 7. Bb5+ Bd7 8.
Bxd7+ Nbxd7 9. O-O O-O 10. Be3 Rc8 11. Rc1 a6 12. Qd2 b5 13. a3 Nb6 14. b3
Nfd7 15. Bh6 Re8 16. Bxg7 Kxg7 17. Qg5 h6 18. Qh4 e5 19. Qxd8 Rexd8 20. Rfd1
exd4 21. Nxd4 d5 22. exd5 Nf6 23. Nc6 Nfxd5 24. Nxd8 Nxc3 25. Kf1 Nxd1 26.
Rxd1 Rc3 27. Rd6 Nc8 28. Rxa6 Rxb3 29. Nc6 Nd6 30. Nd4 Rb1+ 31. Ke2 Nc4 32.
h3 Rb2+ 33. Kf3 Nd2+ 34. Kf4 Nb1 35. f3 Rxg2 36. Nxb5 Nd2 37. a4 Rh2 38. Rd6
g5+ 39. Kg4 Rg2+ 40. Kf5 Nxf3 41. Ke4 Nd2+ 42. Kd3 Nb3 43. Kc4 Rg3 44. Rd5
Rxh3 45. Nc3 Nc1 46. a5 Rh4+ 47. Kb5 Rh3 48. Kc4 Rh4+ 49. Kb5 Rh3 50. Ne4
Rb3+ 51. Ka4 Rb7 52. a6 Rb8 53. Nd2 g4 54. Nf1 Ne2 55. Ka5 g3 56. Ne3 Nf4
57. Rb5 Ra8 58. Rb7 Kf6 59. Rb4 Ne6 60. Rg4 Nc7 61. Kb6 Nxa6 62. Rxg3 Nb4
63. Rf3+ Kg6 64. Rg3+ Kh5 65. Rg7 Ra3 66. Nf5 Rf3 67. Rxf7 Kg6 68. Nh4+ Kxf7
69. Nxf3 Kg6 70. Kc5 Nd3+ 71. Kd4 Nf4 72. Ke5 Nh3 73. Nh4+ Kg5 74. Nf3+ Kg4
75. Nh2+ Kg3 76. Nf1+ Kf2 77. Nd2 h5 78. Ne4+ Ke1 79. Kf5
{Game drawn by mutual agreement}
1/2-1/2

[Event "ICC tourney 2149 (70 10)"]
[Site "Internet Chess Club"]
[Date "2020.11.21"]
[Round "1"]
[White "MinnArkie"]
[Black "MahchessICC"]
[Result "1-0"]
[ICCResult "Black checkmated"]
[WhiteElo "1628"]
[BlackElo "1210"]
[Opening "French: advance, Milner-Barry gambit"]
[ECO "C02"]
[NIC "FR.03"]
[Time "12:42:01"]
[TimeControl "4200+10"]

1. e4 e6 2. d4 d5 3. e5 c5 4. c3 Nc6 5. Nf3 Qb6 6. Bd3 cxd4 7. cxd4 Bd7 8.
O-O h6 9. Nbd2 Nge7 10. b4 Nxb4 11. Rb1 Qa5 12. Nb3 Qa4 13. Nc5 Qxd1 14.
Rxd1 Nxd3 15. Nxd7 Kxd7 16. Ba3 Nxf2 17. Kxf2 Rb8 18. Bd6 Ra8 19. Rxb7+ Kd8
20. Rc1 Rc8 21. Bxe7+ Bxe7 22. Rxc8+ Kxc8 23. Rxe7 Rf8 24. Rxa7 Kb8 25. Re7
g5 26. Nd2 f6 27. exf6 Rxf6+ 28. Ke3 Kc8 29. Nb3 Kd8 30. Rh7 Ke8 31. Nc5 Rf7
32. Rxf7 Kxf7 33. a4 h5 34. a5 Kf6 35. a6 h4 36. a7 g4 37. a8=Q Kf5 38. Qf8+
Kg5 39. Nxe6+ Kh5 40. Qf5+ Kh6 41. Qg5+ Kh7 42. Qg7# {Black checkmated} 1-0

[Event "ICC tourney 2149 (70 10)"]
[Site "Internet Chess Club"]
[Date "2020.11.21"]
[Round "1"]
[White "Coolkido"]
[Black "GalaxyToast"]
[Result "0-1"]
[ICCResult "White resigns"]
[WhiteElo "1350"]
[BlackElo "1369"]
[Opening "Giuoco Piano"]
[ECO "C44"]
[NIC "SO.06"]
[Time "12:41:55"]
[TimeControl "4200+10"]

1. e4 e5 2. Nf3 Nc6 3. d4 exd4 4. Bc4 Bc5 5. c3 Nf6 6. cxd4 Bb4+ 7. Bd2 Nxe4
8. Bxb4 Nxb4 9. Bxf7+ Kxf7 10. Qb3+ Kf8 11. Qxb4+ Qe7 12. Qxe7+ Kxe7 13. O-O
Kd8 14. Nc3 Nxc3 15. bxc3 d6 16. Ng5 Ke7 17. Rfe1+ Kf6 18. f4 h6 19. Ne4+
Kf7 20. h3 d5 21. Nc5 Re8 22. Re5 Rxe5 23. dxe5 b6 24. Nd3 Bf5 25. Nb4 Be4
26. g4 c5 27. Na6 Bd3 28. Nc7 Rd8 29. f5 Bc4 30. Ne6 Rd7 31. Nxc5 Rc7 32.
Ne6 Rc8 33. a3 g6 34. Nf4 gxf5 35. gxf5 Rg8+ 36. Kf2 Rg5 37. e6+ Kf6 38. Re1
Rxf5 39. Kg3 Bb5 40. Ne2 Re5 41. Kf2 Rxe2+ 42. Rxe2 Bxe2 43. Kxe2 Kxe6 44.
Ke3 Ke5 45. a4 a6 46. Kd3 b5 47. axb5 axb5 48. Ke3 h5 49. h4 d4+ 50. cxd4+
Kd5 51. Kd3 b4 52. Kc2 Kxd4 53. Kb3 Kc5 54. Kc2 Kc4 55. Kb2 Kd4 56. Kb3 Ke4
57. Kxb4 Kf4 58. Kc4 Kg4 59. Kd4 Kxh4 60. Ke4 Kg3 61. Ke3 h4 62. Ke2 Kg2 63.
Ke1 h3 64. Ke2 h2 {White resigns} 0-1

[Event "ICC tourney 2149 (70 10)"]
[Site "Internet Chess Club"]
[Date "2020.11.21"]
[Round "1"]
[White "GiganticCell"]
[Black "rulloa"]
[Result "0-1"]
[ICCResult "White checkmated"]
[WhiteElo "1299"]
[BlackElo "1441"]
[Opening "Sicilian defense"]
[ECO "B40"]
[NIC "SI.43"]
[Time "12:41:54"]
[TimeControl "4200+10"]

1. e4 c5 2. Nf3 e6 3. Nc3 a6 4. a4 Qc7 5. Bc4 Nc6 6. O-O b6 7. d4 cxd4 8.
Nxd4 Bb7 9. Be3 Rc8 10. Bb3 Nf6 11. f3 Bd6 12. f4 Nxd4 13. Qxd4 e5 14. Qd3
exf4 15. Rad1 Be5 16. Bd4 O-O 17. Bxe5 Qxe5 18. Qd4 Rc5 19. Qe3 fxe3 20. Rf5
Qe7 21. Rf3 Rxc3 22. bxc3 Qc5 23. Re1 Bxe4 24. Rfxe3 Ng4 25. Kh1 Nxe3 26.
Rg1 Ng4 27. h3 Qh5 28. Bc4 Qxh3# {White checkmated} 0-1

[Event "ICC tourney 2149 (70 10)"]
[Site "Internet Chess Club"]
[Date "2020.11.21"]
[Round "1"]
[White "smashattack"]
[Black "MrPenguino26"]
[Result "0-1"]
[ICCResult "White resigns"]
[WhiteElo "1437"]
[BlackElo "1533"]
[Opening "King's Indian: 5.Nf3"]
[ECO "E90"]
[NIC "KI.22"]
[Time "12:41:51"]
[TimeControl "4200+10"]

1. d4 Nf6 2. c4 g6 3. Nc3 Bg7 4. e4 d6 5. Nf3 Bg4 6. Be2 Nc6 7. O-O Nd7 8.
Be3 e5 9. dxe5 Bxf3 10. Bxf3 Ndxe5 11. Be2 O-O 12. f4 Nd7 13. Bg4 Qe7 14.
Nd5 Qd8 15. f5 Re8 16. fxg6 fxg6 17. Nf4 Nf6 18. Be6+ Kh8 19. Qf3 Ne5 20.
Qh3 Nxe4 21. Bd4 Ng5 22. Nxg6+ Nxg6 23. Bxg7+ Kxg7 24. Qc3+ Ne5 25. Bf5 Rg8
26. h4 Nf7 27. Qh3 Kh8 28. Be6 Rg7 29. Rf5 Qe7 30. Rh5 Rag8 31. Bf5 Rxg2+
32. Kh1 h6 33. Re1 R8g3 34. Qxg2 Rxg2 35. Kxg2 Qf6 36. Rg1 Nxc4 37. Kh3 Nce5
38. Rg3 a6 39. Be4 Qe6+ 40. Bf5 Qxa2 41. b3 Qe2 42. Bg4 Nxg4 43. Rxg4 Qf3+
{White resigns}
0-1

[Event "ICC tourney 2149 (70 10)"]
[Site "Internet Chess Club"]
[Date "2020.11.21"]
[Round "1"]
[White "MonoDubs"]
[Black "LucasW-B"]
[Result "1-0"]
[ICCResult "Black resigns"]
[WhiteElo "1478"]
[BlackElo "1312"]
[Opening "Four knights game"]
[ECO "C47"]
[NIC "RG.01"]
[Time "12:42:18"]
[TimeControl "4200+10"]

1. e4 e5 2. Nf3 Nf6 3. Nc3 Nc6 4. g3 d5 5. exd5 Nxd5 6. d3 Bb4 7. Bd2 Nxc3
8. bxc3 Bc5 9. Bg2 Bg4 10. O-O Qf6 11. Re1 O-O-O 12. h3 Bxf3 13. Bxf3 Qg6
14. Be3 Bxe3 15. Rxe3 f5 16. Bxc6 Qxc6 17. Rxe5 Qxc3 18. Rxf5 Rhe8 19. Rb1
Qc6 20. Qg4 Rd7 21. Rf7 Rd8 22. Rxd7 Rxd7 23. Re1 b6 24. Qe4 Qxe4 25. Rxe4
b5 26. f4 c5 27. Kf2 Rf7 28. Ke3 a5 29. Re5 Rc7 30. g4 c4 31. Rxb5 cxd3 32.
cxd3 a4 33. Ra5 Re7+ 34. Kd2 Rf7 35. Rxa4 Rf8 36. Ra8+ {Black resigns} 1-0

[Event "ICC tourney 2149 (70 10)"]
[Site "Internet Chess Club"]
[Date "2020.11.21"]
[Round "1"]
[White "karthikp"]
[Black "iamvoltu"]
[Result "0-1"]
[ICCResult "White resigns"]
[WhiteElo "1334"]
[BlackElo "1587"]
[Opening "Sicilian: O'Kelly variation"]
[ECO "B28"]
[NIC "SI.43"]
[Time "12:42:07"]
[TimeControl "4200+10"]

1. e4 c5 2. Nf3 a6 3. Nc3 Nc6 4. d4 cxd4 5. Nxd4 e5 6. Nf3 Nf6 7. Bc4 Bb4 8.
Bg5 O-O 9. O-O Bxc3 10. bxc3 h6 11. Bxf6 Qxf6 12. Rb1 b5 13. Bd5 Rb8 14. c4
Ne7 15. a4 Nxd5 16. cxd5 d6 17. axb5 axb5 18. h3 Ra8 19. Ra1 Bd7 20. Re1
Rfc8 21. Re3 Rxa1 22. Qxa1 Rxc2 23. Qa8+ Kh7 24. Qb7 Rc1+ 25. Kh2 Qe7 26.
Ra3 Qd8 27. Ra8 Rc8 28. Ra7 Be8 29. Ra6 Rb8 30. Qa7 b4 31. Ra1 b3 32. Qa3 b2
33. Rb1 Qb6 34. Kg1 Qb4 35. Qd3 Bb5 36. Qc2 Bc4 37. Nd2 Ba2 38. Rd1 b1=Q 39.
Nxb1 Bxb1 40. Qc7 Rb7 41. Qc8 Bxe4 {White resigns} 0-1

[Event "ICC tourney 2149 (70 10)"]
[Site "Internet Chess Club"]
[Date "2020.11.21"]
[Round "1"]
[White "LegacyCreator"]
[Black "sandwich-monkey"]
[Result "0-1"]
[ICCResult "White resigns"]
[WhiteElo "1344"]
[BlackElo "1510"]
[Opening "English: Caro-Kann defensive system"]
[ECO "A11"]
[NIC "EO.64"]
[Time "12:41:51"]
[TimeControl "4200+10"]

1. c4 c6 2. Nc3 d5 3. cxd5 cxd5 4. e3 Nc6 5. Nge2 Bf5 6. Qb3 Ne5 7. Nf4 d4
8. Qb5+ Bd7 9. Qxe5 dxc3 10. bxc3 a6 11. Nd5 Rc8 12. Ba3 Bc6 13. Bc4 e6 14.
Bxf8 Kxf8 15. Nf4 Bxg2 16. Bxe6 Bxh1 17. Bxc8 Qxc8 18. O-O-O Bf3 19. Rg1 Nf6
20. Qd6+ Ke8 21. Rxg7 Nd7 22. Ne6 Qc6 23. Nc7+ Kd8 24. Ne6+ fxe6 25. Qe7+
Kc8 26. a4 Qxa4 27. Qxe6 Qd1+ 28. Kb2 Qxd2+ 29. Ka3 Qxc3+ 30. Ka2 Qxg7
{White resigns}
0-1